 Dungeon Crawl Stone Soup version 0.24-a0-284-g9fb9971df1 (webtiles) character file.

Game seed: 468720053679073878

141 Redear the Firebug (level 5, 0/31 HPs)
             Began as an Octopode Fire Elementalist on May 4, 2019.
             Killed by nerve-wracking pain
             ... invoked by a shadow imp
             ... summoned by Natasha
              (6 damage)
             ... on level 3 of the Dungeon.
             The game lasted 00:06:16 (3189 turns).

Redear the Firebug (Octopode Fire Elementalist)     Turns: 3189, Time: 00:06:17

Health: 0/31       AC:  1    Str:  8    XL:     5   Next: 24%
Magic:  3/9        EV: 13    Int: 18    God:
Gold:   91         SH:  0    Dex: 12    Spells: 6/10 levels left

rFire    . . .     SeeInvis .   (no weapon)
rCold    . . .     Gourm    .   (no shield)
rNeg     . . .     Faith    .   (helmet restricted)
rPois    .         Spirit   .   (no amulet)
rElec    .         Reflect  .   d - ring of wizardry {Wiz+}
rCorr    .         Harm     .   (no ring)
MR       .....                  (no ring)
Stlth    +++.......             (no ring)
HPRegen  0.10/turn              (no ring)
MPRegen  0.11/turn              (no ring)
                                (no ring)
                                (no ring)

@: no status effects
A: almost no armour, stealthy swim, amphibious, 8 rings, constrict 8, camouflage
1, gelatinous body 1
a: no special abilities


You were on level 3 of the Dungeon.
You were not hungry.

You visited 1 branch of the dungeon, and saw 3 of its levels.

You collected 91 gold pieces.

Inventory:

Missiles
 j - 63 stones (quivered)
Jewellery
 d - a ring of wizardry (left tentacle) {Wiz+}
 h - an uncursed amulet of guardian spirit {Spirit}
Wands
 V - a wand of flame (15)
Scrolls
 b - a scroll of teleportation {unknown}
 M - 2 scrolls of magic mapping
Potions
 a - 2 potions of invisibility
 c - a potion of brilliance {Archmagi Int+5 Wiz++}
 e - a potion of might {Str+5 DMG+1d10 | @q3}
 g - a potion of flight {unknown}
 H - a potion of haste {@q5}
Comestibles
 f - 2 chunks of flesh
 z - 6 rations


   Skills:
 - Level 2.0 Dodging
 - Level 2.6 Stealth
 + Level 3.2 Spellcasting
 + Level 2.9 Conjurations
 + Level 4.1 Fire Magic


You had 6 spell levels left.
You knew the following spells:

 Your Spells              Type           Power        Failure   Level  Hunger
a - Flame Tongue          Conj/Fire      ###..        1%          1    None
c - Conjure Flame         Conj/Fire      ###.....     4%          3    ###....

Your spell library contained the following spells:

 Spells                   Type           Power        Failure   Level  Hunger
 Throw Flame              Conj/Fire      ###...       2%          2    ##.....
 Inner Flame              Hex/Fire       ##......     9%          3    ###....
 Sticky Flame             Conj/Fire      ###.....     16%         4    ####...
 Fireball                 Conj/Fire      ###.......   38%         5    ######.


Dungeon Overview and Level Annotations

Branches:
Dungeon (3/15)

Altars:
Fedhas

Annotations:
D:3 Natasha


Innate Abilities, Weirdness & Mutations

You cannot wear most types of armour.
You are very stealthy in the water. (Stealth+)
You are amphibious.
You can wear up to eight rings at the same time.
You can use your tentacles to constrict eight enemies at once.
Your skin changes colour to match your surroundings (Stealth+).
Your rubbery body absorbs attacks. (AC +1, EV +1)


Message History

Press: ? - help, Shift-Dir - straight line, f/p - Natasha
Aim: Natasha (heavily wounded)
The flame tongue hits Natasha but does no damage.
Natasha is heavily wounded.
Natasha mumbles some strange words.
You now have 4/9 mp.
Evoke which item? (* to show all) (? for menu, Esc to quit)
Okay, then.
Casting: Flame Tongue (safe; 1% risk of failure)
Confirm with . or Enter, or press ? or * to list all spells.
Aiming: Flame Tongue (safe; 1% risk of failure)
Press: ? - help, Shift-Dir - straight line, f/p - Natasha
Aim: Natasha (heavily wounded)
The flame tongue misses Natasha.
Natasha claws you!
* * * LOW HITPOINT WARNING * * *
The rat bites you.
* * * LOW HITPOINT WARNING * * *
The shadow imp gestures at you. Pain shoots through your body!
You die...

g# †# #% g# #. .######
#. ........ #. .#####..
#####. .# .....# .#
#.h#### .# ### #.r@..#
.. ..# #.5##.# ## #.#
#..##.# #.# #..##.# #.#
#g.##.# # #.#####.....#
# ####.÷<)....#.##
#####....÷.............
........#######.....>..


You could see Natasha, a shadow imp, a goblin and a rat.

Vanquished Creatures
  Robin (D:3)
  3 adders
  4 gnolls (D:2)
  4 dart slugs
  A leopard gecko (D:2)
  3 bats
  2 giant cockroaches (D:2)
  11 goblins
  8 hobgoblins
  2 jackals (D:3)
  2 quokkas (D:2)
  A ball python (D:1)
  3 frilled lizards
  A giant cockroach zombie (D:1)
  7 kobolds
  A quokka zombie (D:1)
  4 rats
58 creatures vanquished.

Notes
Turn   | Place    | Note
-------+----------+-------------------------------------------
     0 | D:1      | Redear the Octopode Fire Elementalist began the quest for
                  | the Orb.
     0 | D:1      | Reached XP level 1. HP: 11/11 MP: 3/3
   480 | D:1      | Reached XP level 2. HP: 16/17 MP: 0/5
   833 | D:1      | Reached XP level 3. HP: 10/21 MP: 0/6
  1394 | D:2      | Found a faded altar of an unknown god.
  1601 | D:2      | Reached skill level 2 in Conjurations
  1653 | D:2      | Learned a level 3 spell: Conjure Flame
  1784 | D:2      | Reached XP level 4. HP: 27/27 MP: 5/8
  2060 | D:2      | Found a blossoming altar of Fedhas.
  2399 | D:2      | Reached skill level 3 in Spellcasting
  2877 | D:3      | Noticed Robin
  2894 | D:3      | Reached skill level 4 in Fire Magic
  2894 | D:3      | Reached XP level 5. HP: 18/31 MP: 3/9
  3123 | D:3      | Killed Robin
  3124 | D:3      | Noticed Natasha
  3189 | D:3      | Killed from afar by a shadow imp

Levels and vault maps discovered:
D:1:      saegor_arrival_fortress, layout_basic
D:2:      layout_loops_corners, old_standard_altar,
          chequers_ecumenical_altar_simple_redux
D:3:      layout_loops_ring, grunt_dithmenos_smoke_and_mirrors, first_ration,
          nicolae_ru_awakened_eye, uniq_natasha, uniq_robin

Skill      XL: |  1  2  3  4 |
---------------+-------------+-----
Conjurations   | 2 |  2.9
Spellcasting   | 3 |  3.2
Fire Magic     | 4 |  4.1
Dodging        | |  2.0
Stealth        | |  2.6

Action                   |  1- 3 |  4- 6 || total
-------------------------+-------+-------++-------
Melee: Unarmed           |    27 |    15 ||    42
       Constrict         |     7 |     4 ||    11
       Tentacles         |     6 |     2 ||     8
 Cast: Flame Tongue      |    45 |    47 ||    92
       Conjure Flame     |       |     1 ||     1
  Use: Scroll            |       |     6 ||     6
       Potion            |       |     3 ||     3
 Stab: Sleeping          |     1 |       ||     1
  Eat: Chunk             |     2 |     5 ||     7
Armor: Skin              |     3 |     4 ||     7
Dodge: Dodged            |    27 |    24 ||    51

Table legend:
 A = Non-vault XP
 B = Vault XP
 C = Vault XP percentage of total XP
 D = Non-vault monster count
 E = Vault monster count
 F = Vault count percentage of total count
                 A         B        C        D         E       F
            +---------+---------+-------+---------+---------+-------
      Total |     168 |      34 |  16.8 |      46 |      12 |  20.7
            +---------+---------+-------+---------+---------+-------
        D:1 |      42 |       2 |   4.5 |      25 |       2 |   7.4
        D:2 |     106 |       2 |   1.9 |      17 |       1 |   5.6
        D:3 |      20 |      30 |  60.0 |       4 |       9 |  69.2
            +---------+---------+-------+---------+---------+-------
